 Dungeon Crawl Stone Soup version 0.31.0-11-ge490571c62 (webtiles) character file.

Game seed: 10327260027673759138

115 Minsecho the Ducker (level 4, -2/23 HPs)
             Began as a Spriggan Monk on Jan 29, 2024.
             Slain by an orc priest
             ... wielding a +0 club
              (6 damage)
             ... on level 3 of the Dungeon.
             The game lasted 00:04:00 (2922 turns).

Minsecho the Ducker (Spriggan Monk)                 Turns: 2922, Time: 00:04:01

Health: -2/23      AC:  2    Str:  9    XL:     4   Next: 68%
Magic:  5/5        EV: 19    Int: 11    God:
Gold:   109        SH:  0    Dex: 17    Spells: 3/3 levels left

rFire   . .          .
                       - Unarmed
rCold   . . .        c - orb {light}
rNeg    . . .        a - +0 robe
rPois   .            (helmet restricted)
rElec   .            (no cloak)
rCorr   .            (gloves unavailable)
SInv    +            (boots unavailable)
Will    .....        (no amulet)
Stlth   +            (no ring)
HPRegen 0.23/turn    (no ring)
MPRegen 0.09/turn

%: no passive effects
@: glowing, very quick
A: very small, no large weapons, unfitting armour, see invisible, speed 3
a: no special abilities


You were on level 3 of the Dungeon.
You visited 1 branch of the dungeon, and saw 3 of its levels.

You collected 109 gold pieces.

Inventory:

Hand Weapons
 m - a +2 short sword of venom
Missiles
 k - 6 poisoned darts (quivered)
Armour
 a - a +0 robe (worn)
 c - an orb of light (worn)
Jewellery
 i - a +6 ring of strength
Scrolls
 d - 2 scrolls of identify
 f - a scroll of blinking {unknown}
 g - a scroll of vulnerability {unknown}
 h - 4 scrolls of poison {unknown}
 l - a scroll of amnesia {unknown}
Potions
 b - a potion of ambrosia
 e - a potion of curing
 j - a potion of heal wounds {unknown}


   Skills:
 + Level 2.7 Fighting
 + Level 0.1 Throwing
 + Level 4.9 Dodging
 + Level 1.1 Stealth
 + Level 3.8 Unarmed Combat


You had 3 spell levels left.
You didn't know any spells.
Your spell library contained the following spells:

 Spells                   Type           Power      Damage    Failure   Level
 Freeze                   Ice            0%         1d3       34%         1
 Frozen Ramparts          Ice            0%         1d1       71%         3
 Hailstorm                Conj/Ice       0%         3d5       71%         3


Dungeon Overview and Level Annotations

Branches:
Dungeon (3/15)

Altars:


Innate Abilities, Weirdness & Mutations

You are very small and have problems with some larger weapons.
You are too small for most types of armour.
You have supernaturally acute eyesight. (SInv)
You cover ground extremely quickly. (Speed+++)


Message History

You hit the orc but do no damage.
The orc is heavily wounded.
The orc priest looks encouraged for a moment.
The orc closely misses you.
You hit the orc.
You kill the orc!
You hit the orc priest.
The orc priest is lightly wounded.
The orc priest barely misses you.
You hit the orc priest but do no damage.
The orc priest is lightly wounded.
The orc priest hits you with a +0 club.
You hit the orc priest.
The orc priest is moderately wounded.
The orc priest hits you but does no damage.
You hit the orc priest.
The orc priest is heavily wounded.
The orc priest misses you.
You hit the orc priest but do no damage.
The orc priest is heavily wounded.
The orc priest misses you.
You hit the orc priest but do no damage.
The orc priest is heavily wounded.
The orc priest begins to cast a cantrip, but forgets the words!
You hit the orc priest.
The orc priest is heavily wounded.
The orc priest completely misses you.
You hit the orc priest but do no damage.
The orc priest is heavily wounded.
The orc priest mumbles some strange prayers to Beogh against you.
Beogh smites you!
* * * LOW HITPOINT WARNING * * *
Okay, then.
You hit the orc priest.
The orc priest is severely wounded.
The orc priest barely misses you.
You hit the orc priest but do no damage.
The orc priest is severely wounded.
The orc priest hits you with a +0 club.
You die...

#.# #.# .
#.# #.#
#.# #.#
#.# #.#
#.# #@# #
#o##.#####
#...o.....
####o#.###
#


You could see an orc priest.

Vanquished Creatures
  5 adders
  A ribbon worm (D:2)
  A dart slug (D:1)
  4 orcs (D:3)
  4 bats
  8 endoplasms
  3 giant cockroaches
  4 goblins
  5 hobgoblins
  2 jackals (D:1)
  2 kobolds
  4 quokkas
  7 ball pythons
  3 frilled lizards
  3 rats
56 creatures vanquished.

Notes
Turn   | Place    | Note
-------+----------+-------------------------------------------
     0 | D:1      | Minsecho the Spriggan Monk began the quest for the Orb.
     0 | D:1      | Reached XP level 1. HP: 11/11 MP: 2/2
   485 | D:1      | Reached XP level 2. HP: 16/16 MP: 3/3
   735 | D:1      | You fall into a shaft and drop 1 floor!
   747 | D:2      | Reached skill level 1 in Stealth
   791 | D:1      | Reached XP level 3. HP: 14/19 MP: 4/4
  2020 | D:1      | Reached XP level 4. HP: 23/23 MP: 5/5
  2922 | D:3      | Slain by an orc priest

Illustrated notes

Levels and vault maps discovered:
D:1:      scummos_arrival_gate, layout_basic, minmay_tetromino_l4
D:2:      layout_loops_corners
D:3:      layout_loops_ring

Skill      XL: |  1  2  3 |
---------------+----------+-----
Stealth        | 1 |  1.1
Unarmed Combat | 3 |  3.8
Fighting       | |  2.7
Throwing       | |  0.1
Dodging        | |  4.9

Action                     |  1- 3 |  4- 6 || total
---------------------------+-------+-------++-------
  Melee: Unarmed           |   176 |    86 ||   262
  Throw: Dart              |     2 |       ||     2
    Use: Potion            |     1 |     2 ||     3
         Scroll            |     1 |     1 ||     2
   Stab: Distracted        |     1 |       ||     1
         Sleeping          |       |     1 ||     1
 Armour: Robe              |    46 |    20 ||    66
  Dodge: Dodged            |   148 |    57 ||   205
